 Dungeon Crawl Stone Soup version 0.16.1-14-g82efdee (webtiles) character file.

74 KarvaRausku the Poker (level 4, -3/33 HPs)
             Began as a Merfolk Gladiator on Apr 11, 2015.
             Killed by divine providence
             ... invoked by an orc priest
              (15 damage)
             ... on level 3 of the Dungeon.
             The game lasted 00:05:18 (1837 turns).

KarvaRausku the Poker (Merfolk Gladiator)           Turns: 1837, Time: 00:05:19

Health: -3/33      AC:  6    Str: 16    XL:     4   Next: 28%
Magic:  4/4        EV: 14    Int:  7    God:
Gold:   98         SH:  0    Dex: 14    Spells: 0 memorised, 3 levels left

rFire  . . .     SeeInvis .     a - +0 trident
rCold  . . .     Clarity  .     r - +0 leather armour
rNeg   . . .     SustAb   .     (no shield)
rPois  .         Gourm    .     c - +0 helmet
rElec  .         Spirit   .     o - +0 cloak
rCorr  .         Warding  .     (no gloves)
rMut   .         Stasis   .     v - +0 pair of boots
MR     .....                    (no amulet)
Stlth  +.........               (no ring)
                                (no ring)

@: not resistant to hostile enchantments, very unstealthy
A: change form in water, swift swim
a: no special abilities


You were on level 3 of the Dungeon.
You were not hungry.

You visited 1 branch of the dungeon, and saw 3 of its levels.

You collected 98 gold pieces.

Inventory:

Hand weapons
 a - a +0 trident (weapon)
Missiles
 d - 3 throwing nets (quivered)
Armour
 b - a +0 leather armour
 c - a +0 helmet (worn)
 o - a +0 cloak (worn)
 r - a +0 leather armour (worn)
 v - a +0 pair of boots (worn)
Jewellery
 u - an uncursed amulet of stasis {unknown}
Scrolls
 h - 2 scrolls of identify {unknown}
 i - 3 scrolls of immolation {unknown}
 k - a scroll of noise {unknown}
 l - a scroll of remove curse {unknown}
 q - a scroll of enchant weapon {unknown}
 x - a scroll of teleportation {unknown}
 y - a scroll of fog {unknown}
Potions
 e - 2 potions of curing {unknown}
 g - 2 potions of resistance {unknown}
 m - a potion of restore abilities {unknown}
 n - a potion of heal wounds {unknown}
 p - a potion of haste {unknown}
 s - a potion of decay {unknown}
 w - a potion of mutation {unknown}
Comestibles
 f - a bread ration
 j - a beef jerky
 t - a meat ration
 z - 4 chunks of flesh


   Skills:
 - Level 2.1 Fighting
 * Level 6.5 Polearms
 - Level 2.0 Throwing
 + Level 4.9 Dodging


You had 3 spell levels left.
You didn't know any spells.

Dungeon Overview and Level Annotations

Branches:
Dungeon (3/15)

Altars:
Ashenzari
Trog
Vehumet


Message History

The orc is severely wounded.
The orc barely misses you. The orc priest completely misses you.
You hit the orc but do no damage.
The orc is severely wounded.
The orc barely misses you.
The orc priest hits you but does no damage.
You closely miss the orc.
The orc is severely wounded.
The orc hits you with a short sword. The orc priest closely misses you.
The orc hits you with a short sword.
The orc priest becomes somewhat translucent.
The orc priest calls down the wrath of Beogh upon you.
Pain shoots through your body!
The orc priest calls upon Beogh to heal the orc.
The orc is healed somewhat.
You see here a club.
Unknown command.
The orc priest mumbles some strange prayers to Beogh against you.
Something smites you!
You die...

#.# #.# ##### #.#
#...# #.# #...# #.#
#####...# #<#
#.......# #### #.#
#.......# #...
###.###.......####.⌠.
#...@o........'..#...
#######...og..##.)...
#####......#...
#....###.⌠. #....#
#... #...g# ####
####)# #.# #o#


You could see an orc priest, an orc and a goblin.

Vanquished Creatures
  3 adders
  3 giant geckos
  2 oozes (D:2)
  An orc (D:3)
  2 giant cockroaches (D:1)
  3 goblins
  10 hobgoblins
  2 kobolds (D:1)
  A quokka (D:2)
  3 bats
  5 giant newts
  7 rats
42 creatures vanquished.

Vanquished Creatures (others)
  An adder (D:2)
1 creature vanquished.

Grand Total: 43 creatures vanquished

Notes
Turn   | Place    | Note
--------------------------------------------------------------
     0 | D:1      | KarvaRausku, the Merfolk Gladiator, began the quest for the Orb.
     0 | D:1      | Reached XP level 1. HP: 16/16 MP: 1/1
   204 | D:1      | Reached XP level 2. HP: 20/22 MP: 2/2
   321 | D:1      | Reached skill level 5 in Polearms
  1032 | D:2      | Found a radiant altar of Vehumet.
  1079 | D:2      | Reached XP level 3. HP: 14/27 MP: 3/3
  1439 | D:2      | Found a shattered altar of Ashenzari.
  1442 | D:2      | Found a bloodstained altar of Trog.
  1659 | D:2      | Reached skill level 6 in Polearms
  1791 | D:3      | Reached XP level 4. HP: 33/33 MP: 4/4
  1837 | D:3      | Killed from afar by an orc priest

Action                   |  1- 3 |  4- 6 || total
-------------------------+-------+-------++-------
Melee: Trident           |   122 |    23 ||   145
  Eat: Chunk             |     3 |       ||     3
